 Dungeon Crawl Stone Soup version 0.31-a0-1074-g0b22e4e0f1 (webtiles) character file.

Game seed: 4133959767403853971

41 Snarg the Vexing (level 3, -4/20 HPs)
             Began as a Deep Elf Hexslinger on Nov 27, 2023.
             Was a Follower of Fedhas.
             Slain by Terence
             ... wielding a +2 heavy falchion
              (12 damage)
             ... on level 2 of the Dungeon.
             The game lasted 00:07:25 (1310 turns).

Snarg the Vexing (Deep Elf Hexslinger)              Turns: 1310, Time: 00:07:25

Health: -4/20      AC:  2    Str:  5    XL:     3   Next: 32%
Magic:  5/7        EV: 13    Int: 17    God:    Fedhas [*.....]
Gold:   66         SH:  0    Dex: 19    Spells: 0/5 levels left

rFire   . . .        a - +1 sling
rCold   . . .        m - orb {*channel}
rNeg    . . .        c - +0 robe
rPois   .            (no helmet)
rElec   .            (no cloak)
rCorr   .            (no gloves)
SInv    .            (no boots)
Will    .....        (no amulet)
Stlth   ++           (no ring)
HPRegen 0.23/turn    (no ring)
MPRegen 0.10/turn

%: channel magic (20%)
@: weak-willed, jinxed
A: teleportitis 2
a: Renounce Religion


You were on level 2 of the Dungeon.
You worshipped Fedhas.
Fedhas was aware of your devotion.
You visited 1 branch of the dungeon, and saw 2 of its levels.

You collected 66 gold pieces.

Inventory:

Hand Weapons
 a - a +1 sling (weapon)
 e - a +0 dagger
Missiles
 d - 18 stones
Armour
 c - a +0 robe (worn)
 g - a +0 leather armour
 m - an orb of energy (worn)
Scrolls
 b - a scroll of poison
 f - 2 scrolls of revelation
 i - a scroll of vulnerability
Potions
 j - a potion of curing {unknown}
 k - a potion of attraction {unknown}


   Skills:
 - Level 1.0 Fighting
 + Level 4.1 Ranged Weapons
 * Level 2.8 Dodging
 * Level 1.2 Stealth
 + Level 1.5 Spellcasting
 + Level 4.3 Hexes
 + Level 1.1 Fire Magic


You couldn't memorise any spells.
You knew the following spells:

 Your Spells              Type           Power      Damage    Failure   Level
a - Jinxbite              Hex            30%        N/A       16%         2
b - Sigil of Binding      Hex            15%        N/A       26%         3

Your spell library contained the following spells:

 Spells                   Type           Power      Damage    Failure   Level
 Slow                     Hex            60%        N/A       12%         1
 Confusing Touch          Hex            15%        N/A       26%         3
 Ensorcelled Hibernation  Hex/Ice        16%        N/A       30%         2
 Inner Flame              Hex/Fire       10%        N/A       41%         3
 Cause Fear               Hex            7%         N/A       56%         4
 Ozocubu's Armour         Ice            1%         N/A       73%         3
 Vampiric Draining        Necr           1%         2d6       73%         3
 Anguish                  Hex/Necr       4%         N/A       82%         4
 Dimensional Bullseye     Hex/Tloc       4%         N/A       82%         4
 Flame Wave               Conj/Fire      3%         2d5       95%         4
 Sticky Flame             Conj/Fire      3%         2d3       95%         4
 Ozocubu's Refrigeration  Ice            0%         4d7       100%        7


Dungeon Overview and Level Annotations

Branches:
Dungeon (2/15)

Altars:
Fedhas

Shops:
D:1 ==*

Annotations:
D:1 clr
D:2 Terence


Innate Abilities, Weirdness & Mutations

You are often teleported next to monsters.


Message History

You beckon some vexing sprites to accompany your attacks.
You feel your willpower being sapped.
You shoot a sling bullet. The sling bullet hits Terence.
Terence is heavily wounded.
You shoot a sling bullet. The sling bullet hits Terence.
Terence is heavily wounded.
A giggling sprite leaps out and bonks Terence with its +2 heavy falchion.
Terence is severely wounded.
Terence hits you with a +2 heavy falchion.
You shoot a sling bullet. The sling bullet hits Terence.
Terence is severely wounded.
You shoot a sling bullet.
The sling bullet hits Terence but does no damage.
Terence is severely wounded.
Terence seems less drained.
Terence misses you.
Your magical contamination has completely faded away.
You shoot a sling bullet.
The sling bullet hits Terence but does no damage.
Terence is severely wounded.
A giggling sprite leaps out and doodles on Terence's face.
Terence is almost dead.
Terence says, "Time to say good-bye..."
Terence hits you with a +2 heavy falchion!
Ouch! That really hurt!
Unknown command.
You are too injured to fight recklessly!
Unknown command.
You aren't carrying any items that you can evoke.
Unknown command.
Unknown command.
Fire: a) +1 sling
Press: ? - help, Q - select action, (/) - cycle Shift-Dir - straight line, f/p - Terence
Aim: Terence, wielding a +2 heavy falchion and wearing a +0 chain mail (almost dead, heavily drained, chance to call a sprite on attack: 62%, 69% to hit)
You shoot a sling bullet.
The sling bullet completely misses Terence.
Terence hits you with a +2 heavy falchion!
Ouch! That really hurt!
You die...
Terence says, "Rest in peace."
Fedhas appreciates your contribution to the ecosystem.

#.# #.# #.# #.# #.# #.#
######## #.# #.#
#......# #.# #.#
#......# #.# #.#
#......# #.# #.#
#......# #.# #.#
#......# #.#**#@#*******
#...†..# #.#....@.....[*
#......###)######...##?*
#..........# *$#?#*,*
#####..###### *,#,#*,*
...#..## *<*,**,*
...'.## ***,,,,* ...###
****** ...####


You could see Terence (very drained).

Vanquished Creatures
  An adder (D:2)
  A worm (D:2)
  An endoplasm (D:1)
  A giant cockroach (D:2)
  3 goblins
  3 hobgoblins
  3 quokkas
  5 ball pythons
  4 bats
  A frilled lizard (D:1)
  2 rats (D:1)
25 creatures vanquished.

Notes
Turn   | Place    | Note
-------+----------+-------------------------------------------
     0 | D:1      | Snarg the Deep Elf Hexslinger began the quest for the Orb.
     0 | D:1      | Reached XP level 1. HP: 11/11 MP: 5/5
   157 | D:1      | Found Furhah's Jewellery Shoppe.
   190 | D:1      | Gained mutation: You are occasionally teleported next to
                  | monsters. [potion of mutation]
   190 | D:1      | Gained mutation: You have a somewhat thin skeletal
                  | structure. (Dex +2, Stealth+) [potion of mutation]
   240 | D:1      | Found Luism's Assorted Antiques.
   324 | D:1      | Reached XP level 2. HP: 16/16 MP: 6/6
   327 | D:1      | Learned a level 2 spell: Jinxbite
   429 | D:1      | Found a faded altar of an unknown god.
   436 | D:1      | Prayed at the altar of an unknown god.
   436 | D:1      | Became a worshipper of Fedhas Madash
   436 | D:1      | Reached * piety under Fedhas
   605 | D:1      | Found Hiappeah's Jewellery Emporium.
   718 | D:1      | Reached skill level 1 in Fighting
   968 | D:2      | Reached XP level 3. HP: 17/20 MP: 4/7
   982 | D:2      | Learned a level 3 spell: Sigil of Binding
  1038 | D:2      | Reached skill level 1 in Stealth
  1040 | D:2      | Lost mutation: You are occasionally teleported next to
                  | monsters. [potion of mutation]
  1040 | D:2      | Lost mutation: You have a somewhat thin skeletal structure.
                  | (Dex +2, Stealth+) [potion of mutation]
  1040 | D:2      | Gained mutation: You are occasionally teleported next to
                  | monsters. [potion of mutation]
  1040 | D:2      | Gained mutation: You are often teleported next to monsters.
                  | [potion of mutation]
  1301 | D:2      | Noticed Terence
  1310 | D:2      | Slain by Terence

Illustrated notes

Levels and vault maps discovered:
D:1:      zaba_arrival_water, layout_basic, serial_shops,
          nicolae_lakefront_shop, shop, nicolae_shop_gaudy_bauble,
          hellmonk_ecumenical_altar_run_dry, minmay_misc_feat_five
D:2:      layout_basic, uniq_terence

Skill      XL: |  1  2  3 |
---------------+----------+-----
Ranged Weapons | 3 4 |  4.1
Fighting       | 1 |  1.0
Stealth        | 1 |  1.2
Dodging        | |  2.8
Spellcasting   | |  1.5
Hexes          | |  4.3
Fire Magic     | |  1.1

Action                     || total
---------------------------++-------
   Fire: Sling             ||    69
   Cast: Jinxbite          ||     9
    Use: Potion            ||     2
         Scroll            ||     3
 Armour: Robe              ||    15
  Dodge: Dodged            ||    16

Table legend: (Time is in decaauts)
 A = Elapsed time spent in this place.
 B = Non-inter-level travel time spent in this place.
 C = Inter-level travel time spent in this place.
 D = Time resting spent in this place.
 E = Time spent auto-exploring this place.
 F = Levels seen in this place.
 G = Mean time per level.
                   A        B        C        D        E       F      G
               +--------+--------+--------+--------+--------+-----+--------+
         Total |   1331 |   1317 |     14 |      0 |   1103 |   2 |  665.5 |
       Dungeon |   1331 |   1317 |     14 |      0 |   1103 |   2 |  665.5 |
               +--------+--------+--------+--------+--------+-----+--------+

Top non-repeatable levels by time:
     D:1: 922 daAuts
     D:2: 409 daAuts
